 Dungeon Crawl Stone Soup version 0.27.0-1-g7a089689b8 (webtiles) character file.

Game seed: 3956023330776474528

130 belegose the Sneak (level 4, -2/36 HPs)
             Began as a Demigod Wanderer on Aug 4, 2021.
             Slain by a bullfrog (6 damage)
             ... in a sewer.
             The game lasted 00:11:39 (3589 turns).

belegose the Sneak (Demigod Wanderer)               Turns: 3589, Time: 00:11:40

Health: -2/36      AC: 11    Str: 15    XL:     4   Next: 59%
Magic:  6/6        EV:  9    Int: 16    God:
Gold:   89         SH:  4    Dex: 13    Spells: 3/3 levels left

rFire    . . .     SeeInvis +   b - +0 falchion
rCold    . . .     Faith    .   c - +0 buckler
rNeg     + . .     Spirit   .   p - +1 scale mail {rN+}
rPois    .         Reflect  .   j - +2 helmet {SInv}
rElec    .         Harm     .   (no cloak)
rCorr    .         Rampage  .   (no gloves)
Will     .....                  f - +0 pair of boots
Stlth    +.........             (no amulet)
HPRegen  0.12/turn              (no ring)
MPRegen  0.10/turn              (no ring)

@: mighty, flying
A: high mp 1, forlorn
a: no special abilities


You were in a sewer.
You visited 1 branch of the dungeon, and saw 3 of its levels.
You also visited: Sewer.

You collected 89 gold pieces.

Inventory:

Hand Weapons
 a - a +0 dagger
 b - a +0 falchion (weapon)
Missiles
 g - 24 sling bullets
 k - 37 bolts
 l - 5 boomerangs (quivered)
 m - 62 stones
 t - 18 poisoned darts
Armour
 c - a +0 buckler (worn)
 f - a +0 pair of boots (worn)
 j - a +2 helmet of see invisible (worn)
 p - a +1 scale mail of positive energy (worn)
Magical Staves
 i - a staff of death
 s - a staff of cold
Jewellery
 u - an amulet of magic regeneration
Scrolls
 d - a scroll of teleportation {unknown}
 h - 2 scrolls of enchant weapon {unknown}
 n - a scroll of enchant armour {unknown}
 r - a scroll of blinking {unknown}
Potions
 o - a potion of berserk rage {unknown}
 q - a potion of heal wounds {unknown}
 v - a potion of might
 w - a potion of mutation {unknown}


   Skills:
 + Level 2.3 Fighting
 + Level 0.0 Long Blades
 + Level 1.6 Throwing
 - Level 1.7 Armour
 - Level 1.0 Dodging
 - Level 3.6 Stealth
 + Level 2.2 Shields
 + Level 2.3 Evocations


You had 3 spell levels left.
You didn't know any spells.
Your spell library was empty.

Dungeon Overview and Level Annotations

Branches:
Dungeon (3/15)              Sewer (1/1)


Innate Abilities, Weirdness & Mutations

Your attributes grow dramatically as you level up.
You have an increased reservoir of magic. (+10% MP)
You shall have no god before yourself.


Message History

The bullfrog hits you. x2
You barely miss the bullfrog.
The bullfrog is lightly wounded.
The bullfrog hits you.
The bullfrog hits you but does no damage.
You barely miss the bullfrog.
The bullfrog is lightly wounded.
The bullfrog hits you but does no damage.
The bullfrog closely misses you.
You barely miss the bullfrog.
The bullfrog is lightly wounded.
You block the bullfrog's attack.
The bullfrog hits you but does no damage.
You barely miss the bullfrog.
The bullfrog is lightly wounded.
The bullfrog hits you but does no damage.
The bullfrog hits you.
You closely miss the bullfrog.
The bullfrog is lightly wounded.
The bullfrog hits you.
* * * LOW HITPOINT WARNING * * *
The bullfrog barely misses you.
You hit the bullfrog.
The bullfrog is moderately wounded.
The bullfrog hits you but does no damage.
You block the bullfrog's attack.
It was a potion of flight.
You feel very buoyant.
You fly up into the air.
The bullfrog completely misses you.
You riposte.
You slash the bullfrog!
The bullfrog is severely wounded.
It was a potion of might.
You feel very mighty all of a sudden. The bullfrog barely misses you.
The bullfrog closely misses you.
You slash the bullfrog!
The bullfrog is almost dead.
The bullfrog hits you.
* * * LOW HITPOINT WARNING * * *
The bullfrog hits you.
You die...

# ≈≈≈≈≈≈≈≈≈≈≈≈≈≈.# ### #
≈≈≈.$≈≈≈≈≈≈≈≈≈.# #.# #
≈≈.!??≈≈≈≈≈≈≈≈.# #∩# #
≈≈≈.(≈≈≈≈≈≈≈≈≈.# #.# #
≈≈≈≈.≈≈≈≈≈.≈≈≈.# #∩# #
≈≈≈≈≈≈≈≈≈≈.≈≈≈.# #†# #
≈≈≈≈≈≈≈≈≈≈.≈≈≈.# #÷# #
≈≈≈≈≈≈≈≈≈F.≈≈≈.###≈## #
≈≈≈≈≈≈≈≈≈#@≈≈≈.##.≈.# #
#≈≈≈≈≈≈≈≈#.≈≈≈.##.≈≈# #
##≈≈≈≈≈###.≈≈≈.##.≈.# #
###### #.≈≈≈.##.≈.# #
#.≈≈≈≈##≈≈≈# # #≈≈≈≈≈##≈≈≈#
################≈≈≈≈≈##≈≈≈##
...†..≈≈≈≈....≈≈≈≈≈≈≈≈≈≈≈..#
≈≈≈≈≈≈≈≈≈≈≈≈≈≈≈≈≈≈≈≈≈≈≈≈≈≈.#


You could see a bullfrog.

Vanquished Creatures
  7 adders
  2 worms (D:2)
  A dart slug (D:1)
  3 bats
  4 endoplasms
  9 giant cockroaches
  3 hobgoblins (D:1)
  3 jackals (D:1)
  9 kobolds
  5 quokkas
  4 ball pythons
  8 frilled lizards
  4 rats
62 creatures vanquished.

Notes
Turn   | Place    | Note
-------+----------+-------------------------------------------
     0 | D:1      | belegose the Demigod Wanderer began the quest for the Orb.
     0 | D:1      | belegose set off with the following items: a +0 dagger, a
                  | +0 ring mail, a +0 buckler, a +2 leather armour
     0 | D:1      | Reached XP level 1. HP: 16/16 MP: 3/3
  1055 | D:1      | Reached XP level 2. HP: 19/23 MP: 4/4
  2047 | D:2      | Reached XP level 3. HP: 28/29 MP: 5/5
  2288 | D:2      | Reached skill level 1 in Throwing
  2899 | D:3      | Reached XP level 4. HP: 35/36 MP: 6/6
  2901 | D:3      | Found a glowing drain.
  2910 | Sewer    | Entered a sewer
  3572 | Sewer    | Noticed a bullfrog
  3589 | Sewer    | Slain by a bullfrog

Illustrated notes

Levels and vault maps discovered:
D:1:      giann_wishing_wells, layout_loops_corners,
          chequers_serial_rivers_micro_a, minmay_misc_feat_four_crosses
D:2:      layout_basic, ebering_ecumenical_altar_hall, nrook_campfire,
          amcnicky_mini_corridor_feature
D:3:      layout_basic, portal_sewer_entry_d
Sewer:    sewer_frog_island_01

Skill      XL: |  1  2  3 |
---------------+----------+-----
Throwing       | 1 |  1.6
Evocations     | 2 |  2.3
Fighting       | 2 |  2.3
Shields        | 2 |  2.2
Armour         | |  1.7
Dodging        | |  1.0
Stealth        | |  3.6

Action                   |  1- 3 |  4- 6 || total
-------------------------+-------+-------++-------
Melee: Dagger            |   127 |       ||   127
       Falchion          |    73 |   110 ||   183
Throw: Boomerang         |    18 |     3 ||    21
  Use: Potion            |       |     2 ||     2
 Stab: Sleeping          |     5 |       ||     5
Armor: Leather armour    |    42 |       ||    42
       Scale mail        |    55 |    62 ||   117
Dodge: Dodged            |    78 |    53 ||   131
Block: Buckler           |    38 |    31 ||    69
       Rpst.: Falchion   |     8 |    12 ||    20
